 Seeded DCSS version 0.30.1-11-g7821555f0a (webtiles) character file.

Game seed: 430007637681659361 (custom seed)

71 mattiecakes the Shield-Bearer (level 4, -1/29 HPs)
             Began as a Gargoyle Fighter on Nov 10, 2023.
             Slain by a gnoll
             ... wielding a +1 spear of freezing
              (4 damage)
             ... on level 4 of the Dungeon.
             The game lasted 00:01:59 (659 turns).

mattiecakes the Shield-Bearer (Gargoyle Fighter)     Turns: 659, Time: 00:02:00

Health: -1/29      AC: 10    Str: 22    XL:     4   Next: 24%
Magic:  4/4        EV:  9    Int:  8    God:
Gold:   50         SH:  4    Dex:  9    Spells: 3/3 levels left

rFire   . . .        g - +3 war axe
rCold   . . .        c - +0 buckler
rNeg    + . .        b - +0 scale mail
rPois   ∞            (no helmet)
rElec   +            (no cloak)
rCorr   .            (no gloves)
SInv    .            (no boots)
Will    .....        (no amulet) Stlth
                     j - ring of flight
HPRegen 0.24/turn    (no ring)
MPRegen 0.09/turn

%: no passive effects
@: flying
A: sickness immunity, AC +3, negative energy resistance 1, electricity
resistance, torment resistance 1, petrification resistance
a: no special abilities


You were on level 4 of the Dungeon.
You visited 1 branch of the dungeon, and saw 3 of its levels.

You collected 50 gold pieces.

Inventory:

Hand Weapons
 g - a +3 war axe (weapon)
Armour
 b - a +0 scale mail (worn)
 c - a +0 buckler (worn)
Jewellery
 j - a ring of flight (left hand)
Scrolls
 e - 2 scrolls of noise {unknown}
 f - a scroll of vulnerability {unknown}
 h - a scroll of identify {unknown}
 i - a scroll of brand weapon {unknown}
 l - a scroll of fear {unknown}
 n - a scroll of blinking {unknown}
Potions
 a - a potion of curing {unknown}
 d - a potion of might
 k - a potion of cancellation {unknown}
 m - a potion of ambrosia {unknown}


   Skills:
 + Level 3.8 Fighting
 + Level 2.3 Axes
 + Level 3.7 Armour
 + Level 1.7 Stealth
 + Level 3.8 Shields


You had 3 spell levels left.
You didn't know any spells.
Your spell library contained the following spells:

 Spells                   Type           Power      Damage    Failure   Level
 Call Imp                 Summ           0%         N/A       90%         2
 Fireball                 Conj/Fire      0%         3d3       100%        5
 Starburst                Conj/Fire      0%         6d3       100%        6
 Haunt                    Necr/Summ      0%         N/A       100%        7


Dungeon Overview and Level Annotations

Branches:
Dungeon (2/15)

Altars:


Innate Abilities, Weirdness & Mutations

You are immune to sickness and miasma.
Your stone body is resilient. (AC +3)
You are immune to poison.
You resist negative energy. (rN+)
You are resistant to electric shocks. (rElec)
You are resistant to unholy torment.
You are immune to petrification.


Message History

The throwing net hits you.
You become entangled in the net!
A gnoll comes into view. It is wielding a +1 spear of freezing.
You tear a large gash into the net.
The gnoll hits you from afar with a +0 spear!
You shred the net and break free! The gnoll hits you but does no damage.
You barely miss the gnoll.
The gnoll hits you from afar with a +0 spear.
You block the gnoll's attack.
You hit the gnoll.
The gnoll is lightly wounded.
The gnoll misses you. You block the gnoll's attack. x2
You slash the gnoll!
You kill the gnoll!
The gnoll hits you from afar with a +0 spear.
The gnoll barely misses you. x2; The gnoll throws a throwing net.
The throwing net barely misses you.
The gnoll hits you from afar with a +1 spear of freezing.
The gnoll freezes you.
Unknown command.
The gnoll hits you but does no damage. The gnoll barely misses you.
The gnoll closely misses you.
Items here: )) †††.
You slash the gnoll!
The gnoll is almost dead.
You hit the gnoll. x2; The gnoll hits you with a +0 spear.
The gnoll barely misses you. The gnoll hits you but does no damage.
Unknown command.
You hit the gnoll.
The gnoll is almost dead.
You slash the gnoll!
You kill the gnoll!
You closely miss the gnoll.
The gnoll hits you with a +1 spear of freezing.
* * * LOW HITPOINT WARNING * * *
The gnoll freezes you.
* * * LOW HITPOINT WARNING * * *
The gnoll barely misses you. The gnoll hits you with a +0 spear.
* * * LOW HITPOINT WARNING * * *
The gnoll hits you with a +1 spear of freezing.
You die...

+.........+
#.........#
##.......##
##.....##
##...##
##'## #.#
#(# #@#
#)gg#
#.....#
......##
#.##..## #.
#... # ##.#
#.#


You could see 2 gnolls.

Vanquished Creatures
  A hound (D:4)
  2 gnolls (D:4)
  A dart slug (D:1)
  An endoplasm (D:1)
  3 giant cockroaches (D:1)
  3 goblins
  3 hobgoblins (D:1)
  2 quokkas (D:1)
  5 ball pythons (D:1)
  6 bats (D:1)
  A frilled lizard (D:1)
  A kobold (D:1)
  4 rats (D:1)
33 creatures vanquished.

Notes
Turn   | Place    | Note
-------+----------+-------------------------------------------
     0 | D:1      | mattiecakes the Gargoyle Fighter began the quest for the
                  | Orb.
     0 | D:1      | Reached XP level 1. HP: 14/14 MP: 1/1
   109 | D:1      | Reached XP level 2. HP: 17/19 MP: 2/2
   238 | D:1      | Reached skill level 1 in Stealth
   437 | D:1      | Reached XP level 3. HP: 23/23 MP: 3/3
   628 | D:2      | You are sucked into a shaft and drop 2 floors!
   633 | D:4      | Got the Tome of Luminous Command
   648 | D:4      | Reached XP level 4. HP: 24/29 MP: 4/4
   659 | D:4      | Slain by a gnoll

Illustrated notes

Levels and vault maps discovered:
D:1:      wander_arrival_chamber, layout_basic, kennysheep_boxes
D:2:      layout_rooms, dilly_ecumenical_altar_fadedgnrine, basic_altar,
          uniq_terence
D:4:      layout_loops_corners, minmay_temple_entry_junction_2,
          minmay_joined_circles, uniq_robin, uniq_duvessa

Skill      XL: |  1  2 |
---------------+-------+-----
Axes           | 2 |  2.3
Stealth        | 1 |  1.7
Fighting       | |  3.8
Armour         | |  3.7
Shields        | |  3.8

Action                     |  1- 3 |  4- 6 || total
---------------------------+-------+-------++-------
  Melee: War axe           |    71 |     5 ||    76
 Armour: Scale mail        |    52 |     5 ||    57
  Dodge: Dodged            |    33 |     8 ||    41
  Block: Buckler           |    12 |     3 ||    15
